 Dungeon Crawl Stone Soup version 0.30.1-11-g7821555f0a (webtiles) character file.

Game seed: 2090441306116307917

43 bnorton916 the Firebug (level 3, -5/19 HPs)
             Began as a Deep Elf Fire Elementalist on Dec 3, 2023.
             Slain by Terence
             ... wielding a +0 hand axe of distortion
              (7 damage)
             ... on level 2 of the Dungeon.
             The game lasted 00:02:16 (1675 turns).

bnorton916 the Firebug (Deep Elf Fire Elementalist) Turns: 1675, Time: 00:02:17

Health: -5/19      AC:  2    Str:  5    XL:     3   Next: 37%
Magic:  0/10       EV: 12    Int: 21    God:
Gold:   60         SH:  0    Dex: 15    Spells: 6/9 levels left

rFire   . . .        (no weapon)
rCold   . . .        (no shield)
rNeg    . . .        a - +0 robe
rPois   .            (no helmet)
rElec   .            (no cloak)
rCorr   .            (no gloves)
SInv    .            (no boots)
Will    .....        (no amulet)
Stlth   ++           (no ring)
HPRegen 0.23/turn    (no ring)
MPRegen 0.12/turn

%: no passive effects
@: no status effects
A: no striking features
a: no special abilities


You were on level 2 of the Dungeon.
You visited 1 branch of the dungeon, and saw 2 of its levels.

You collected 60 gold pieces.

Inventory:

Hand Weapons
 j - a +0 long sword of flaming
Armour
 a - a +0 robe (worn)
 k - an orb of energy
Scrolls
 c - a scroll of noise {unknown}
 g - a scroll of enchant weapon {unknown}
 h - a scroll of brand weapon {unknown}
 i - a scroll of amnesia {unknown}
 l - a scroll of poison {unknown}
 m - a scroll of immolation {unknown}
 n - a scroll of fog {unknown}
Potions
 b - a potion of magic
 d - 2 potions of mutation {unknown}
 e - a potion of heal wounds {unknown}
 f - a potion of degeneration {unknown}


   Skills:
 - Level 2.4 Dodging
 - Level 2.4 Stealth
 + Level 3.9 Spellcasting
 + Level 2.2 Conjurations
 + Level 3.9 Fire Magic


You had 6 spell levels left.
You knew the following spells:

 Your Spells              Type           Power      Damage    Failure   Level
a - Foxfire               Conj/Fire      68%        2x1d7     3%          1
b - Scorch                Fire           40%        2d7       3%          2

Your spell library contained the following spells:

 Spells                   Type           Power      Damage    Failure   Level
 Inner Flame              Hex/Fire       12%        N/A       16%         3
 Volatile Blastmotes      Fire/Tloc      24%        2d12      16%         3
 Cigotuvi's Dreadful Rot  Necr/Pois/Air  8%         N/A       19%         2
 Ignite Poison            Fire/Tmut/Pois 9%         N/A       22%         3
 Flame Wave               Conj/Fire      17%        2d7       32%         4
 Ozocubu's Armour         Ice            4%         N/A       36%         3
 Freezing Cloud           Conj/Ice/Air   3%         6-21      94%         5
 Ozocubu's Refrigeration  Ice            2%         4d7       100%        7


Dungeon Overview and Level Annotations

Branches:
Dungeon (2/15)

Altars:

Annotations:
D:2 Terence


Message History

The foxfire hits Terence.
Terence is lightly wounded.
Casting: Foxfire (safe; 3% risk of failure)
Confirm with . or Enter, or press ? or * to list all spells.
You conjure some foxfire!
The foxfire hits Terence.
Terence is lightly wounded.
The foxfire hits Terence.
Terence is moderately wounded.
Casting: Foxfire (safe; 3% risk of failure)
Confirm with . or Enter, or press ? or * to list all spells.
Nothing appears to happen.
Casting: Scorch (safe; 3% risk of failure)
Confirm with . or Enter, or press ? or * to list all spells.
You conjure some foxfire!
The foxfire hits Terence but does no damage.
Terence is moderately wounded.
The foxfire hits Terence but does no damage.
Terence is moderately wounded.
Casting: Foxfire (safe; 3% risk of failure)
Confirm with . or Enter, or press ? or * to list all spells.
Flames lash Terence.
Terence is heavily wounded.
Terence's fire resistance burns away.
Terence misses you.
Terence hits you with a +0 hand axe of distortion.
Space warps around you.
Casting: Scorch (safe; 3% risk of failure)
Confirm with . or Enter, or press ? or * to list all spells.
Flames lash Terence.
Terence is burned terribly!
Terence is severely wounded.
Terence closely misses you. Terence closely misses you.
Casting: Scorch (safe; 3% risk of failure)
Confirm with . or Enter, or press ? or * to list all spells.
Flames lash Terence.
Terence is burned terribly!
Terence is almost dead.
Terence closely misses you.
Terence hits you with a +0 hand axe of distortion!
* * * LOW HITPOINT WARNING * * *
Space warps horribly around you!
You die...

.<....# #####.♣÷#..8..#÷♣.#
#.##### #...♣♣#.....#♣♣.# #.#
#...♣.###)###.♣.# ..#
#.#.♣♣.......♣♣.# ..########
#...♣♣.♣.....♣♣.# ..##.....#
#.#..♣♣♣...♣♣♣..# ..##.....#
#.....♣♣...♣♣...#
..##.....#####.###..♣♣_♣♣..#.#
..##.....##.....@##..♣♣♣..##.#
<.##.....##.##.#@###.....###.#
######)#### #.#.# ####### #.#
# #.# ..#.# #.# ######.####
#.##.# #.# ....w.....#... ..#
.# ######........ ...
#......##.. ### #..w...#


You could see Terence (combustible).

Vanquished Creatures
  An adder (D:2)
  2 worms (D:2)
  5 ball pythons
  4 bats
  5 goblins
  3 hobgoblins
  3 kobolds (D:2)
  A frilled lizard (D:1)
  3 rats
27 creatures vanquished.

Vanquished Creatures (others)
  127 foxfires
127 creatures vanquished.

Grand Total: 154 creatures vanquished

Notes
Turn   | Place    | Note
-------+----------+-------------------------------------------
     0 | D:1      | bnorton916 the Deep Elf Fire Elementalist began the quest
                  | for the Orb.
     0 | D:1      | Reached XP level 1. HP: 10/10 MP: 6/6
   406 | D:1      | Reached XP level 2. HP: 15/15 MP: 5/8
  1366 | D:2      | Reached XP level 3. HP: 9/19 MP: 3/10
  1395 | D:2      | Learned a level 2 spell: Scorch
  1584 | D:2      | Found a faded altar of an unknown god.
  1660 | D:2      | Noticed Terence
  1675 | D:2      | Slain by Terence

Illustrated notes

Levels and vault maps discovered:
D:1:      minmay_arrival_four_circles, layout_basic
D:2:      layout_loops_cross, dilly_ecumenical_altar_fadedgnrine, uniq_terence

Skill      XL: |  1  2 |
---------------+-------+-----
Conjurations   | 2 |  2.2
Dodging        | |  2.4
Stealth        | |  2.4
Spellcasting   | |  3.9
Fire Magic     | |  3.9

Action                     || total
---------------------------++-------
   Cast: Foxfire           ||    74
         Scorch            ||     8
  Dodge: Dodged            ||     8
